 Dungeon Crawl Stone Soup version 0.30.0-29-ga12c61a403 (webtiles) character file.

Game seed: 15425493111296237060

145 qw the Chopper (level 5, -9/32 HPs)
             Began as a Gargoyle Fighter on June 5, 2023.
             Mangled by an orc
             ... wielding a +1 morningstar of distortion
              (18 damage)
             ... on level 4 of the Dungeon.
             The game lasted 00:01:18 (3064 turns).

qw the Chopper (Gargoyle Fighter)                   Turns: 3064, Time: 00:01:18

Health: -9/32      AC: 19    Str: 21    XL:     5   Next: 27%
Magic:  0/5        EV:  4    Int:  9    God:
Gold:   168        SH:  8    Dex:  9    Spells: 4/4 levels left

rFire   . . .        Y - +0 war axe
rCold   . . .        o - +0 kite shield
rNeg    + . .        h - +0 plate armour
rPois   inf          (no helmet)
rElec   +            (no cloak)
rCorr   .            (no gloves)
SInv    .            (no boots)
Will    .....        j - amulet of guardian spirit Stlth
                     n - +4 ring of protection
HPRegen 0.25/turn    (no ring)
MPRegen 0.09/turn

%: guardian spirit
@: about to teleport
A: sickness immunity, AC +4, negative energy resistance 1, electricity
resistance, torment resistance 1, petrification resistance
a: no special abilities


You were on level 4 of the Dungeon.
You visited 1 branch of the dungeon, and saw 4 of its levels.

You collected 168 gold pieces.


Innate Abilities, Weirdness & Mutations

You are immune to sickness and miasma.
Your stone body is resilient. (AC +4)
You are immune to poison.
You resist negative energy. (rN+)
You are resistant to electric shocks. (rElec)
You are resistant to unholy torment.
You are immune to petrification.


   Skills:
 - Level 3.2 Fighting
 - Level 4.3 Axes
 - Level 1.4 Throwing
 - Level 3.2 Armour
 + Level 3.4 Shields


You had 4 spell levels left.
You didn't know any spells.
Your spell library was empty.

Inventory:

Hand Weapons
 q - a +0 flail
 Y - a +0 war axe (weapon)
Missiles
 e - 3 javelins (quivered)
Armour
 b - a +0 helmet
 h - a +0 plate armour (worn)
 o - a +0 kite shield (worn)
Jewellery
 j - an amulet of guardian spirit (around neck)
 n - a +4 ring of protection (left hand)
Scrolls
 g - 2 scrolls of teleportation
 l - a scroll of identify
Potions
 a - a potion of resistance
 d - a potion of might
 f - a potion of lignification
 i - a potion of heal wounds
 k - a potion of attraction

Dungeon Overview and Level Annotations

Branches:
Dungeon (4/15)
 Temple: D:4-7

Altars:
Qazlal

Shops:
D:3 =


Message History

The orc hits you but does no damage. The orc wizard casts a spell at you.
The magic dart hits you but does no damage.
You barely miss the orc wizard. You hit the orc.
You kill the orc!
The orc wizard hits you with a +0 dagger.
You hit the orc wizard.
The orc wizard is moderately wounded.
You barely miss the orc.
The orc wizard hits you but does no damage.
The orc hits you but does no damage.
You blink.
You closely miss the orc. You barely miss the orc. You hit the orc.
The orc hits you but does no damage. The orc barely misses you.
The orc hits you but does no damage.
You closely miss the orc.
The orc is lightly wounded.
You hit the orc. You block the orc's attack.
The orc hits you with a +1 morningstar of distortion!
Space warps around you.
You hit the orc but do no damage.
The orc is heavily wounded.
You barely miss the orc. The orc hits you but does no damage.
You slash the orc wizard!
You kill the orc wizard!
You slash the orc!
You kill the orc!
You block the orc's attack.
Your Throwing skill increases to level 1!
You hit the orc.
The orc is severely wounded.
The orc hits you but does no damage. Space warps horribly around you!
3064 ||| READING 3 scrolls of teleportation.
As you read the scroll of teleportation, it crumbles to dust.
You feel strangely unstable. The orc hits you but does no damage.
Space warps horribly around you!!
Ouch! That really hurt!
You die...

.....## ##..# .....#
#<..# ## ....## ##%..#
.### #..#####....####
#...## ###..##......##.
.....## ##.........##.
......#
##.........)..#.......
##..#......###)o.......
##..#.......# #@.......
#..##.......# #........
..###.......# ##.......
.## #......## .......
.# #......# ......# ##
######## ##..##. ###


You could see an orc.

Vanquished Creatures
  An orc wizard (D:4)
  6 adders
  An ufetubus (D:4)
  A worm (D:4)
  3 dart slugs
  4 orcs
  A ball python (D:1)
  6 endoplasms
  A giant cockroach (D:2)
  2 goblins
  5 hobgoblins
  4 jackals (D:1)
  6 kobolds
  2 bats
  4 frilled lizards
  3 rats
50 creatures vanquished.

Notes
Turn   | Place    | Note
-------+----------+-------------------------------------------
     0 | D:1      | qw the Gargoyle Fighter began the quest for the Orb.
     0 | D:1      | Reached XP level 1. HP: 14/14 MP: 1/1
     0 | D:1      | 0 ||| qw: Version: 0.2-a-108-gee2c290
     0 | D:1      | 0 ||| qw: Game counter: 1356
     0 | D:1      | 0 ||| qw: Always use a shield: true
     0 | D:1      | 0 ||| qw: God list: Okawaru
     0 | D:1      | 0 ||| qw: Allow faded altars: false
     0 | D:1      | 0 ||| qw: Do Orc after D:15 true
     0 | D:1      | 0 ||| qw: Do second Lair branch before Depths: true
     0 | D:1      | 0 ||| qw: Lair rune preference: random
     0 | D:1      | 0 ||| qw: Plans: Normal, Zot:1-4, Slime:5, God:TSO, Crypt,
                  | Tomb, Abyss, Pan, Hells, Win
     0 | D:1      | 0 ||| PLANNING D:1-11
    79 | D:1      | Reached skill level 2 in Axes
   241 | D:1      | Reached XP level 2. HP: 15/19 MP: 2/2
   852 | D:1      | Reached skill level 3 in Axes
   868 | D:1      | 868 ||| READING scroll labelled BECYSE XEXT.
   869 | D:1      | 869 ||| READING 3 scrolls labelled GUSKUO UGGA.
   872 | D:1      | 872 ||| READING scroll labelled DUGIEBLOWI.
   873 | D:1      | 873 ||| READING scroll labelled WAEB XOHUGULIH.
   974 | D:1      | 974 ||| READING scroll labelled YMOUTOENUU.
   975 | D:1      | 975 ||| DRINKING 2 cyan potions.
  1004 | D:1      | 1004 ||| DRINKING 2 inky potions.
  1221 | D:2      | Reached XP level 3. HP: 23/23 MP: 3/3
  1223 | D:2      | 1223 ||| DROPPING +0 club.
  1309 | D:2      | Found a faded altar of an unknown god.
  1536 | D:2      | 1536 ||| Stepping ~*~*~tactically~*~*~ (hiding).
  1613 | D:2      | Reached XP level 4. HP: 25/28 MP: 4/4
  1830 | D:2      | Reached skill level 4 in Axes
  2014 | D:2      | 2014 ||| DROPPING orb of light.
  2015 | D:2      | 2015 ||| UPGRADING to amulet of guardian spirit.
  2020 | D:2      | 2020 ||| UPGRADING to +4 ring of protection.
  2021 | D:2      | 2021 ||| READING scroll labelled MAUGAU QOSOHOBIRPH.
  2022 | D:2      | 2022 ||| READING 2 scrolls of identify.
  2022 | D:2      | 2022 ||| IDENTIFYING lumpy clear potion
  2224 | D:3      | 2224 ||| Stepping ~*~*~tactically~*~*~ (stealth).
  2355 | D:3      | 2355 ||| DROPPING +0 whip.
  2385 | D:3      | Found a stormy altar of Qazlal.
  2405 | D:3      | Found Pagiw's Jewellery Emporium.
  2414 | D:3      | 2414 ||| SHOPLISTING +4 ring of protection (360 gold, have
                  | 121).
  2414 | D:3      | 2414 ||| SHOPLISTING amulet of faith (400 gold, have 121).
  2414 | D:3      | 2414 ||| SHOPLISTING ring of fire (250 gold, have 121).
  2414 | D:3      | 2414 ||| SHOPLISTING ring of protection from cold (250
                  | gold, have 121).
  2414 | D:3      | 2414 ||| SHOPLISTING ring of protection from fire (250
                  | gold, have 121).
  2414 | D:3      | 2414 ||| SHOPLISTING ring of resist corrosion (200 gold,
                  | have 121).
  2432 | D:3      | 2432 ||| DROPPING +1 mace of venom.
  2919 | D:3      | 2919 ||| UPGRADING to +0 plate armour.
  2929 | D:3      | 2929 ||| DROPPING +0 scale mail.
  2930 | D:3      | 2930 ||| UPGRADING to +0 kite shield.
  2940 | D:3      | 2940 ||| DROPPING +0 buckler.
  2941 | D:3      | 2941 ||| DRINKING 2 metallic emerald potions.
  2942 | D:3      | 2942 ||| DRINKING 2 purple potions.
  2943 | D:3      | 2943 ||| DRINKING 2 blue potions.
  2944 | D:3      | 2944 ||| DRINKING potion of curing.
  2944 | D:3      | 2944 ||| (to cure confusion)
  2945 | D:3      | 2945 ||| DROPPING potion of ambrosia.
  3048 | D:4      | 3048 ||| Stepping ~*~*~tactically~*~*~ (hiding).
  3055 | D:4      | Reached XP level 5. HP: 32/32 MP: 5/5
  3063 | D:4      | Reached skill level 1 in Throwing
  3063 | D:4      | HP: 8/32 [orc/+1 morningstar of distortion (15)]
  3064 | D:4      | 3064 ||| READING 3 scrolls of teleportation.
  3064 | D:4      | Mangled by an orc

Levels and vault maps discovered:
D:1:      giann_forest_graveyard, layout_basic
D:2:      layout_basic, ebering_ecumenical_altar_box, minmay_tetromino_i4
D:3:      layout_loops_corners, nicolae_qazlal_scattered_showers, serial_shops,
          shop
D:4:      layout_cave_pods, mainiacjoe_overflow_concentric_impassable

Skill      XL: |  1  2  3  4  5 |
---------------+----------------+-----
Axes           | 2 3 4 |  4.3
Throwing       | 1 |  1.4
Fighting       | |  3.2
Armour         | |  3.2
Shields        | |  3.4

Action                     |  1- 3 |  4- 6 || total
---------------------------+-------+-------++-------
  Melee: War axe           |   109 |   108 ||   217
  Throw: Javelin           |       |     4 ||     4
    Use: Scroll            |     5 |     3 ||     8
         Potion            |     2 |     4 ||     6
 Armour: Scale mail        |    71 |    56 ||   127
         Plate armour      |       |    11 ||    11
  Dodge: Dodged            |    52 |    50 ||   102
  Block: Buckler           |    22 |    22 ||    44
         Kite shield       |       |     4 ||     4

Table legend:
 A = Non-vault XP
 B = Vault XP
 C = Vault XP percentage of total XP
 D = Non-vault monster count
 E = Vault monster count
 F = Vault count percentage of total count
                 A         B        C        D         E       F
            +---------+---------+-------+---------+---------+-------
      Total |     206 |       2 |   1.0 |      49 |       1 |   2.0
            +---------+---------+-------+---------+---------+-------
        D:1 |      30 |       0 |   0.0 |      16 |       0 |   0.0
        D:2 |      82 |       2 |   2.4 |      14 |       1 |   6.7
        D:3 |      37 |       0 |   0.0 |      13 |       0 |   0.0
        D:4 |      57 |       0 |   0.0 |       6 |       0 |   0.0
            +---------+---------+-------+---------+---------+-------
